 Dungeon Crawl Stone Soup version 0.25.1-2-g60ff931df9 (webtiles) character file.

Game seed: 12657852473992296782

88 funkygono the Magician (level 4, 0/30 HPs)
             Began as a Demonspawn Wizard on Aug 7, 2020.
             Slain by an orc priest
             ... wielding a +0 short sword
              (2 damage)
             ... on level 3 of the Dungeon.
             The game lasted 00:07:03 (3253 turns).

funkygono the Magician (Demonspawn Wizard)          Turns: 3253, Time: 00:07:03

Health: 0/30       AC:  2    Str:  8    XL:     4   Next: 29%
Magic:  7/10       EV: 12    Int: 16    God:
Gold:   138        SH:  0    Dex: 11    Spells: 3/11 levels left

rFire    . . .     SeeInvis .   g - +2 dagger
rCold    . . .     Gourm    .   (no shield)
rNeg     . . .     Faith    .   a - +0 robe
rPois    .         Spirit   .   b - +0 hat
rElec    .         Reflect  .   (no cloak)
rCorr    .         Harm     .   (no gloves)
MR       .....                  (no boots)
Stlth    +.........             (no amulet)
HPRegen  0.10/turn              c - -4 ring of intelligence (curse)
MPRegen  0.12/turn              (no ring)

@: no status effects
A: hooves 1, horns 1, demonic guardian 1
a: no special abilities


You were on level 3 of the Dungeon.
You were not hungry.

You visited 1 branch of the dungeon, and saw 3 of its levels.

You collected 138 gold pieces.

Inventory:

Hand Weapons
 g - a +2 dagger (weapon)
Missiles
 h - 150 stones (quivered)
Armour
 a - a +0 robe (worn)
 b - a +0 hat (worn)
Jewellery
 c - a cursed -4 ring of intelligence (left hand)
Scrolls
 i - a scroll of identify
 l - a scroll of immolation {unknown}
Potions
 e - a potion of resistance
 f - 2 potions of heal wounds
 j - a potion of magic {unknown}
Comestibles
 d - 5 rations
 k - 2 chunks of flesh


   Skills:
 + Level 2.0 Dodging
 + Level 1.7 Stealth
 + Level 4.4 Spellcasting
 + Level 2.0 Conjurations
 + Level 1.0 Summonings
 + Level 0.8 Translocations


You had 3 spell levels left.
You knew the following spells:

 Your Spells              Type           Power        Failure   Level  Hunger
a - Magic Dart            Conj           ##..         7%          1    None
b - Blink                 Tloc           N/A          17%         2    ##.....
c - Call Imp              Summ           #.......     16%         2    ##.....
d - Mephitic Cloud        Conj/Pois/Air  #.......     36%         3    ###....

Your spell library contained the following spells:

 Spells                   Type           Power        Failure   Level  Hunger
 Slow                     Hex            #.......     24%         2    ##.....
 Conjure Flame            Conj/Fire      #.......     32%         3    ###....
 Gell's Gravitas          Tloc           #.........   34%         3    ###....
 Confusing Touch          Hex            #.......     43%         3    ###....
 Petrify                  Tmut/Erth      #.......     85%         4    ####...
 Metabolic Englaciation   Hex/Ice        #.........   99%         5    ######.
 Yara's Violent Unravell  Hex/Tmut       #.........   99%         5    ######.


Dungeon Overview and Level Annotations

Branches:
Dungeon (3/15)

Altars:
Gozag
Nemelex Xobeh
Xom


Innate Abilities, Weirdness & Mutations

You have large cloven feet.
You have a pair of small horns on your head.
A weak demonic guardian rushes to your aid.


Message History

Confirm with . or Enter, or press ? or * to list all spells.
Aiming: Magic Dart (safe; 7% risk of failure)
Press: ? - help, Shift-Dir - straight line, f/p - orc priest
Aim: an orc priest, wielding a +0 short sword and wearing a +0 leather armour (moderately wounded)
The magic dart hits the orc priest but does no damage.
The orc priest is moderately wounded.
Casting: Magic Dart (safe; 7% risk of failure)
Confirm with . or Enter, or press ? or * to list all spells.
Aiming: Magic Dart (safe; 7% risk of failure)
Press: ? - help, Shift-Dir - straight line, f/p - orc priest
Aim: an orc priest, wielding a +0 short sword and wearing a +0 leather armour (moderately wounded)
The magic dart hits the orc priest.
The orc priest is moderately wounded.
Your iron imp closely misses the orc priest.
The orc priest barely misses your iron imp.
You hit the orc priest but do no damage.
The orc priest is moderately wounded.
Your iron imp hits the orc priest!
The orc priest hits you with a +0 short sword.
You die...

########### ..........# #
..........# ..
..........# .l.
..........### g...
#.......#...## .)..<
##..[##.###.÷#######....#
#.###...##...5oo..†<...#
#.##.....##..@##########
#.#.......###..#
#....._......#.######
###.......##.........
##.....##......######
##...##.##..........
####.##†.......##..#
#........#.....###
#.#..............#


You could see an orc priest, an orc and a friendly iron imp (summoned).

Vanquished Creatures
  An adder (D:2)
  An ooze (D:2)
  A dart slug (D:2)
  A leopard gecko (D:1)
  6 giant cockroaches
  4 hobgoblins
  4 jackals (D:3)
  6 kobolds
  2 quokkas (D:3)
  A ball python (D:1)
  5 bats
  A frilled lizard (D:2)
  9 goblins
  A leopard gecko skeleton (D:3)
  7 rats
50 creatures vanquished.

Vanquished Creatures (collateral kills)
  Terence (D:2)
  A leopard gecko (D:3)
  2 orcs (D:3)
  A goblin (D:3)
  A hobgoblin (D:3)
6 creatures vanquished.

Grand Total: 56 creatures vanquished

Notes
Turn   | Place    | Note
-------+----------+-------------------------------------------
     0 | D:1      | funkygono the Demonspawn Wizard began the quest for the
                  | Orb.
     0 | D:1      | Reached XP level 1. HP: 13/13 MP: 4/4
   569 | D:1      | Gained mutation: You have a pair of small horns on your
                  | head. [demonic ancestry]
   569 | D:1      | Reached XP level 2. HP: 19/19 MP: 1/6
   578 | D:1      | Learned a level 2 spell: Blink
  1297 | D:2      | Learned a level 2 spell: Call Imp
  1388 | D:2      | Gained mutation: A weak demonic guardian rushes to your
                  | aid. [demonic ancestry]
  1388 | D:2      | Reached XP level 3. HP: 19/24 MP: 2/8
  1791 | D:2      | Noticed Terence
  1804 | D:2      | Killed Terence
  1804 | D:2      | Reached skill level 4 in Spellcasting
  1942 | D:2      | Learned a level 3 spell: Mephitic Cloud
  2817 | D:3      | Found a shimmering altar of Xom.
  2834 | D:3      | Found an opulent altar of Gozag.
  2841 | D:3      | Gained mutation: You have large cloven feet. [demonic
                  | ancestry]
  2841 | D:3      | Reached XP level 4. HP: 30/30 MP: 7/10
  3092 | D:3      | Found a sparkling altar of Nemelex Xobeh.
  3253 | D:3      | Slain by an orc priest

Illustrated notes

Levels and vault maps discovered:
D:1:      doesnt_arrival_eight_statues, layout_loops_corners,
          hangedman_decor_slide_cut
D:2:      kennysheep_six_static_rooms, layout_basic, uniq_terence
D:3:      minmay_spotlight, layout_rooms, lemuel_round_altar,
          grunt_temple_overflow_open, minivault_26

Skill      XL: |  1  2  3  4 |
---------------+-------------+-----
Spellcasting   | 4 |  4.4
Conjurations   | 2 |  2.0
Dodging        | 2 |  2.0
Stealth        | |  1.7
Summonings     | |  1.0
Translocations | |  0.8

Action                   |  1- 3 |  4- 6 || total
-------------------------+-------+-------++-------
Melee: Dagger            |    15 |    16 ||    31
       Headbutt          |     1 |     4 ||     5
       Kick              |       |     1 ||     1
 Cast: Magic Dart        |    96 |    26 ||   122
       Call Imp          |     1 |     2 ||     3
       Blink             |     1 |       ||     1
  Use: Scroll            |     4 |       ||     4
       Potion            |     2 |       ||     2
  Eat: Chunk             |     6 |     1 ||     7
Armor: Robe              |     5 |     6 ||    11
Dodge: Dodged            |    21 |    13 ||    34
